 Dungeon Crawl Stone Soup version 0.30-a0-870-gc5d4c5acee (webtiles) character file.

Game seed: 16155518560635540756

440 BlueFish the Sneak (level 6, 0/44 HPs)
             Began as a Vampire Enchanter on Mar 11, 2023.
             Slain by a phantom (7 damage)
             ... on level 4 of the Dungeon.
             The game lasted 00:08:48 (2262 turns).

BlueFish the Sneak (Vampire Enchanter)              Turns: 2262, Time: 00:08:48

Health: 0/44       AC:  3    Str:  7    XL:     6   Next: 70%
Magic:  3/10       EV: 13    Int: 17    God:
Gold:   120        SH:  0    Dex: 17    Spells: 3/11 levels left

rFire   . . .      SeeInvis +    k - +3 short sword (vamp)
rCold   . . .      Faith    .    (no shield)
rNeg    + . .      Spirit   .    b - +0 robe
rPois   .          Reflect  .    g - +0 helmet
rElec   .          Rampage  .    (no cloak)
rCorr   .                        (no gloves)
Will    .....                    (no boots)
Stlth   +++                      (no amulet)
HPRegen 0.47/turn                f - ring of flight
MPRegen 0.12/turn                i - ring of positive energy

@: confusing by touch, flying, healing quickly
A: alive, fangs 3, see invisible, vampiric 2
a: Exsanguinate


You were on level 4 of the Dungeon.
You visited 1 branch of the dungeon, and saw 4 of its levels.

You collected 120 gold pieces.

Inventory:

Hand Weapons
 a - a +1 dagger
 k - a +3 vampiric short sword (weapon)
Armour
 b - a +0 robe (worn)
 g - a +0 helmet (worn)
Jewellery
 f - a ring of flight (left hand)
 i - a ring of positive energy (right hand)
Scrolls
 d - 5 scrolls of identify {unknown}
 h - a scroll of teleportation {unknown}
Potions
 c - 2 potions of invisibility
 e - 3 potions of curing {unknown}
 j - a potion of might {unknown}
 l - 2 potions of brilliance {unknown}
 m - a potion of heal wounds {unknown}
 n - a potion of berserk rage {unknown}
 o - a potion of attraction {unknown}


   Skills:
 + Level 2.0 Fighting
 + Level 2.9 Short Blades
 + Level 2.0 Armour
 + Level 3.5 Dodging
 + Level 6.0 Stealth
 + Level 3.0 Spellcasting
 + Level 5.8 Hexes


You had 3 spell levels left.
You knew the following spells:

 Your Spells              Type           Power      Damage    Failure   Level
a - Ensorcelled Hibernat  Hex/Ice        24%        N/A       8%          2
b - Confusing Touch       Hex            22%        N/A       4%          3
c - Tukima's Dance        Hex            22%        N/A       4%          3

Your spell library contained the following spells:

 Spells                   Type           Power      Damage    Failure   Level
 Dazzling Flash           Conj/Hex       24%        N/A       16%         3
 Portal Projectile        Hex/Tloc       24%        N/A       16%         3
 Call Canine Familiar     Summ           2%         N/A       45%         3
 Frozen Ramparts          Ice            4%         1d1       45%         3
 Leda's Liquefaction      Hex/Erth       6%         N/A       45%         4
 Ice Form                 Ice/Tmut       2%         N/A       86%         4
 Summon Ice Beast         Ice/Summ       2%         N/A       86%         4


Dungeon Overview and Level Annotations

Branches:
Dungeon (3/15)

Altars:

Shops:
D:3 *


Innate Abilities, Weirdness & Mutations

Your natural rate of healing is accelerated.
You have razor-sharp teeth.
You have supernaturally acute eyesight. (SInv)
You are afflicted with vampirism and can become a bat while bloodless.


Message History

You closely miss the phantom.
Your hands stop glowing.
The phantom hits you.
The phantom blinks!
You blink.
You hit the phantom but do no damage. The phantom hits you!
Casting: Confusing Touch (dangerous; 4% risk of failure)
Confirm with . or Enter, or press ? or * to list all spells.
Your hands begin to glow red.
The phantom closely misses you.
You hit the phantom but do no damage. You hit the phantom but do no damage.
The phantom hits you but does no damage. x2
You closely miss the phantom. The phantom hits you.
The phantom closely misses you.
You hit the phantom but do no damage.
The phantom appears confused.
The phantom hits you!
* * * LOW HITPOINT WARNING * * *
Casting: Confusing Touch (dangerous; 4% risk of failure)
Confirm with . or Enter, or press ? or * to list all spells.
Your hands begin to glow red.
The phantom barely misses you.
You closely miss the phantom. The phantom hits you.
* * * LOW HITPOINT WARNING * * *
You barely miss the phantom. Your bite misses the phantom.
The phantom barely misses you.
You hit the phantom but do no damage. The phantom misses you.
You closely miss the phantom. The phantom hits you.
* * * LOW HITPOINT WARNING * * *
The phantom blinks!
You blink.
You closely miss the phantom. You bite the phantom.
The phantom is lightly damaged.
You miss the phantom.
The phantom is lightly damaged.
The phantom hits you.
* * * LOW HITPOINT WARNING * * *
The phantom blinks!
You blink.
You hit the phantom but do no damage.
The phantom is lightly damaged.
The phantom barely misses you.
You barely miss the phantom.
The phantom is lightly damaged.
The phantom hits you!
You die...

#.......#####.####
##....#######....##
###..##.....†......#
.......)############
###.)##############
##..†##.....#.....##
...#.#............$##
.^....?........W....#
####............@...#
#.............W..#
#................#
#................#
##...............#
#.......§......##
##......#.....##
#.##########.# ...
#.#


You could see 2 phantoms.

Vanquished Creatures
  A black bear (D:4)
  2 scorpions (D:4)
  2 sleepcaps (D:4)
  3 iguanas
  3 adders
  A white imp (D:4)
  A worm (D:2)
  2 dart slugs
  An orc (D:4)
  2 bats (D:1)
  3 endoplasms
  6 giant cockroaches
  4 goblins
  11 hobgoblins
  4 jackals (D:1)
  7 kobolds
  A quokka (D:2)
  3 ball pythons (D:1)
  5 rats
62 creatures vanquished.

Notes
Turn   | Place    | Note
-------+----------+-------------------------------------------
     0 | D:1      | BlueFish the Vampire Enchanter began the quest for the Orb.
     0 | D:1      | Reached XP level 1. HP: 13/13 MP: 3/3
   153 | D:1      | Reached XP level 2. HP: 19/19 MP: 5/5
   479 | D:1      | Learned a level 2 spell: Ensorcelled Hibernation
   555 | D:1      | Found a faded altar of an unknown god.
   680 | D:1      | Gained mutation: You are afflicted with vampirism and can
                  | become a bat while bloodless. [Vampire growth]
   680 | D:1      | Reached XP level 3. HP: 15/25 MP: 6/6
  1348 | D:2      | Reached skill level 1 in Armour
  1348 | D:2      | Reached XP level 4. HP: 31/31 MP: 2/7
  1707 | D:3      | Found Miox's Assorted Antiques.
  1757 | D:3      | Reached skill level 1 in Fighting
  1757 | D:3      | Reached skill level 5 in Hexes
  1792 | D:3      | Reached skill level 5 in Stealth
  1860 | D:3      | You are sucked into a shaft and drop 1 floor!
  1871 | D:4      | Reached XP level 5. HP: 37/37 MP: 8/8
  1937 | D:4      | Learned a level 3 spell: Confusing Touch
  1941 | D:4      | Learned a level 3 spell: Tukima's Dance
  1982 | D:4      | Noticed a black bear
  2005 | D:4      | Killed a black bear
  2006 | D:4      | Reached XP level 6. HP: 36/44 MP: 3/10
  2222 | D:4      | Reached skill level 6 in Stealth
  2262 | D:4      | Slain by a phantom

Illustrated notes

Levels and vault maps discovered:
D:1:      wander_arrival_lonely_grave, layout_loops_corners,
          hellmonk_ecumenical_altar_dog_temple
D:2:      layout_rooms, minivault_5, interstate_on_off
D:3:      layout_basic, serial_shops, nicolae_shop_advertising_works
          [nicolae_subvault_shop_adworks]
D:4:      layout_rooms

Skill      XL: |  1  2  3  4  5  6 |
---------------+-------------------+-----
Armour         | 1 2 |  2.0
Short Blades   | 2 |  2.9
Fighting       | 1 2 |  2.0
Hexes          | 5 |  5.8
Stealth        | 5 6 |  6.0
Dodging        | 3 |  3.5
Spellcasting   | 3 |  3.0

Action                     |  1- 3 |  4- 6 || total
---------------------------+-------+-------++-------
  Melee: Dagger            |   157 |     7 ||   164
         Bite              |    11 |    14 ||    25
         Punch             |     1 |     1 ||     2
         Short sword       |       |   100 ||   100
   Cast: Ensorcelled Hiber |     7 |     3 ||    10
         Confusing Touch   |       |     6 ||     6
Ability: Exsanguinate      |     1 |       ||     1
   Stab: Sleeping          |    14 |     8 ||    22
         Confused          |       |     2 ||     2
 Armour: Robe              |    37 |    17 ||    54
  Dodge: Dodged            |    99 |    54 ||   153

Table legend: (Time is in decaauts)
 A = Elapsed time spent in this place.
 B = Non-inter-level travel time spent in this place.
 C = Inter-level travel time spent in this place.
 D = Time resting spent in this place.
 E = Time spent auto-exploring this place.
 F = Levels seen in this place.
 G = Mean time per level.
                   A        B        C        D        E       F      G
               +--------+--------+--------+--------+--------+-----+--------+
         Total |   2236 |   2166 |     70 |     19 |   1421 |   4 |  559.0 |
       Dungeon |   2236 |   2166 |     70 |     19 |   1421 |   4 |  559.0 |
               +--------+--------+--------+--------+--------+-----+--------+

Top non-repeatable levels by time:
     D:1: 1022 daAuts
     D:2: 653 daAuts
     D:4: 390 daAuts
     D:3: 169 daAuts
